 Dungeon Crawl Stone Soup version 0.26-a0-1132-ge9770dfcb6 (webtiles) character file.

Game seed: 9908125633782061364

1309 Froggeryz the Gouger (level 8, -2/58 HPs)
             Began as a Felid Berserker on Dec 20, 2020.
             Was a High Priest of Trog.
             Slain by a killer bee (7 damage)
             ... on level 8 of the Dungeon.
             The game lasted 00:08:57 (6968 turns).

Froggeryz the Gouger (Felid Berserker)              Turns: 6968, Time: 00:08:58

Health: -2/58      AC:  2    Str: 18 (21) XL:     8   Next: 32%
Magic:  0/9        EV: 20    Int:  7 (8)  God:    Trog [*****.]
Gold:   322        SH:  0    Dex: 13 (16) Spells: 7/7 levels left
                                        Lives:  0   Deaths: 2

rFire    . . .     SeeInvis +     - Unarmed
rCold    . . .     Faith    .   (shield unavailable)
rNeg     . . .     Spirit   +   (armour unavailable)
rPois    .         Reflect  .   (helmet unavailable)
rElec    .         Harm     .   (cloak unavailable)
rCorr    .         Rampage  .   (gloves unavailable)
Will     +++..                  (boots unavailable)
Stlth    ..........             r - amulet of guardian spirit
HPRegen  1.19/turn              y - +6 ring of strength
MPRegen  0.11/turn              A - ring of flight

@: berserking, lethally poisoned (-2 -> -5), regenerating, very quick
A: very small, no armour, no weapons or thrown items, stealth, claws 1, fangs 3,
see invisible, speed 1, shaggy fur 2, sharp paws
a: Renounce Religion, Evoke Flight, Berserk, Trog's Hand, Brothers in Arms


You were on level 8 of the Dungeon.
You worshipped Trog.
Trog was extremely pleased with you.
You visited 1 branch of the dungeon, and saw 8 of its levels.

You collected 322 gold pieces.

Inventory:

Jewellery
 r - an amulet of guardian spirit (around neck)
 y - a +6 ring of strength (left paw)
 A - a ring of flight (right paw)
Wands
 q - a wand of enslavement (9)
 s - a wand of polymorph (6)
 B - a wand of random effects (3)
Scrolls
 a - a scroll of enchant weapon {unknown}
 c - a scroll of fear
 d - a scroll of identify
 g - 3 scrolls of blinking
 n - 3 scrolls of remove curse
 v - 4 scrolls of teleportation
Potions
 h - a potion of flight
 i - 2 potions of magic
 j - a potion of lignification
 l - 4 potions of curing
 o - a potion of ambrosia
 t - 2 potions of mutation
 u - 2 potions of invisibility
 w - a potion of heal wounds
 C - a potion of resistance
 D - a potion of haste


   Skills:
 + Level 6.4 Fighting
 - Level 6.1 Dodging
 * Level 10.0 Unarmed Combat


You had 7 spell levels left.
You didn't know any spells.
Your spell library was empty.

Dungeon Overview and Level Annotations

Branches:
Dungeon (8/15)             Temple (0/1) D:6
   Lair: D:8-11

Altars:
Cheibriados
Dithmenos
Kikubaaqudgha
Ru
Sif Muna
Trog
Uskayaw
Wu Jian
Xom
Yredelemnul
Zin
The Shining One

Shops:
D:8 [

Annotations:
D:3 1 runed translucent door, Stixsmaster's ghost, amateur GnCK


Innate Abilities, Weirdness & Mutations

You cannot wear armour.
You are incapable of wielding weapons or throwing items.
Your paws allow you to move quietly. (Stealth)
You have sharp claws.
You have razor-sharp teeth.
You have supernaturally acute eyesight. (SInv)
You cover ground quickly.
You are covered in thick fur. (AC +2)
Your sharp claws are effective at attacking unaware monsters.


Message History

The killer bee closely misses you.
You miss the killer bee.
The killer bee buzzes angrily.
Your bite misses the killer bee.
You feel sick. The killer bee stings you.
You are more poisoned.
The killer bee poisons you! The killer bee closely misses you.
The killer bee misses you.
You barely miss the killer bee.
You feel sick. The killer bee stings you. The killer bee stings you!
The killer bee misses you.
A red film seems to cover your vision as you go berserk!
You feel yourself moving faster!
You feel mighty!
You feel sick. The killer bee misses you. The killer bee stings you!
* * * LOW HITPOINT WARNING * * *
You are more poisoned.
The killer bee poisons you! The killer bee stings you!
* * * LOW HITPOINT WARNING * * *
The killer bee misses you. The killer bee stings you.
* * * LOW HITPOINT WARNING * * *
The killer bee stings you!
You die...

*,,,,,,,,,,,,,,,,,,,,,,,,,,,,,***
+..K.........zz.,,,,,,,,,,,,,,,*
*..............,,,,,,,,,,,,,,,,**
,.........z...,,,,,,,,,,,,,,,,,,*
,.......y.y..,,,,,,,,,,,,,,,,,*,,
,....K...#..,,,,,,,,,,*,*******,,
,........#.###+######.#,*,,,* **,
,.......K#.#....y.....#.*,*,****+
,,,,,*#.Kzy#....@y......*,*,*,,,,
******#.###K.....y......,,*,*,,,,
#.# #...........##***,*,,,,
****###.# #...........+,,,,,+,,,,
,,,,..#.# #...........#****,*,,,,
#####.#.# #.........#...,,,,,,,,,
......#.###########.#.##***,,,,,*
#.....#......#....#..,#* *,,,,,*
#.###.#....#.#.##.#,,,,* *,,,,,+


You could see 3 killer bees and a kobold (invisible, paralysed).

Vanquished Creatures
  2 orc warriors (D:6)
  An ice beast (D:6)
  A sky beast (D:8)
  2 phantoms (D:6)
  5 ogres
  A necrophage (D:7)
  A centaur (D:8)
  2 vampire bats (D:6)
  A centaur zombie (D:5)
  2 hounds
  2 orc priests (D:6)
  4 orc wizards
  Jessica (D:3)
  Ijyb (D:3)
  3 worker ants (D:4)
  A hound skeleton (D:6)
  A hound zombie (D:6)
  2 worker ant zombies
  A howler monkey zombie (D:6)
  5 adders
  6 gnolls
  2 shadow imps
  A white imp (D:5)
  An ufetubus (D:4)
  3 oozes
  2 worms
  6 dart slugs
  6 leopard geckos
  22 orcs
  3 bat skeletons (D:6)
  2 bat zombies (D:6)
  6 giant cockroaches
  5 hobgoblins
  14 jackals
  12 kobolds
  2 quokkas
  2 ball pythons
  4 bats
  6 frilled lizards
  8 goblins
  A quokka skeleton (D:4)
  10 rats
163 creatures vanquished.

Notes
Turn   | Place    | Note
-------+----------+-------------------------------------------
     0 | D:1      | Froggeryz the Felid Berserker began the quest for the Orb.
     0 | D:1      | Reached XP level 1. HP: 10/10 MP: 2/2
   324 | D:1      | Reached XP level 2. HP: 14/14 MP: 3/3
   389 | D:1      | Reached XP level 3. HP: 12/17 MP: 4/4
   393 | D:1      | Reached skill level 4 in Unarmed Combat
   670 | D:1      | Reached ** piety under Trog
  1052 | D:2      | Found a sacrificial altar of Ru.
  1120 | D:2      | Reached XP level 4. HP: 21/21 MP: 5/5
  1136 | D:2      | Reached skill level 5 in Dodging
  1292 | D:2      | Found a faded altar of an unknown god.
  1306 | D:2      | Found a shimmering blue altar of Sif Muna.
  1617 | D:3      | You fall into a shaft and drop 3 floors!
  1630 | D:5      | Entered Level 5 of the Dungeon
  1670 | D:4      | Noticed an ogre
  1678 | D:4      | Killed an ogre
  1679 | D:4      | Reached skill level 5 in Unarmed Combat
  1679 | D:4      | Reached XP level 5. HP: 2/24 MP: 6/6
  2046 | D:3      | Slain by an orc
  2047 | D:3      | Reached XP level 4. HP: -2/31 MP: 5/5
  2048 | D:3      | Found a snail-covered altar of Cheibriados.
  2112 | D:3      | Noticed Stixsmaster's ghost (amateur GnCK)
  2114 | D:3      | Found a runed translucent door.
  2114 | D:3      | Noticed Jessica
  2129 | D:3      | Killed Jessica
  2129 | D:3      | Reached *** piety under Trog
  2130 | D:3      | Reached XP level 5. HP: 23/24 MP: 6/6
  2245 | D:3      | Found an ornate altar of the Wu Jian Council.
  2246 | D:3      | Found a glowing silver altar of Zin.
  2297 | D:3      | Noticed Ijyb
  2311 | D:3      | Killed Ijyb
  2594 | D:3      | Found a shimmering altar of Xom.
  2628 | D:3      | Found a hide-covered altar of Uskayaw.
  2630 | D:3      | Noticed a +0 dagger
  2631 | D:3      | Noticed a +0 hand axe
  2797 | D:3      | Reached skill level 6 in Unarmed Combat
  3204 | D:4      | Gained mutation: You are covered in thick fur. (AC +2)
                  | [Felid growth]
  3204 | D:4      | Reached XP level 6. HP: 17/28 MP: 3/7
  4641 | D:5      | Reached **** piety under Trog
  4903 | D:5      | Found a shadowy altar of Dithmenos.
  5121 | D:6      | Reached skill level 7 in Unarmed Combat
  5274 | D:6      | Found an ancient bone altar of Kikubaaqudgha.
  5290 | D:6      | Reached XP level 7. HP: 31/32 MP: 8/8
  5661 | D:6      | Found a glowing golden altar of the Shining One.
  5689 | D:6      | Reached skill level 8 in Unarmed Combat
  5703 | D:6      | Reached skill level 5 in Fighting
  5952 | D:6      | Found a staircase to the Ecumenical Temple.
  6147 | D:6      | Reached XP level 8. HP: 37/37 MP: 7/9
  6171 | D:6      | Slain by an orc warrior
  6172 | D:6      | Reached XP level 7. HP: -3/33 MP: 0/8
  6199 | D:6      | Reached ***** piety under Trog
  6203 | D:6      | Reached skill level 9 in Unarmed Combat
  6358 | D:6      | Found a bloodstained altar of Trog.
  6358 | D:6      | Found a basalt altar of Yredelemnul.
  6812 | D:7      | Noticed a white ugly thing
  6819 | D:8      | Reached XP level 8. HP: 38/38 MP: 9/9
  6949 | D:8      | Found Zomn's Antique Armour Boutique.
  6958 | D:8      | Reached skill level 10 in Unarmed Combat
  6968 | D:8      | Slain by a killer bee

Illustrated notes

Levels and vault maps discovered:
D:1:      lightli_arrival_statue_moat, layout_rooms
D:2:      layout_loops_ring, nicolae_ru_awakened_eye,
          nicolae_overflow_crystal_walls, chequers_ecumenical_altar_twisty
D:3:      minmay_skewed_foursquare, layout_basic, general_overflow_altar,
          old_standard_altar, dancing_weapons_uskayaw,
          grunt_temple_overflow_open, hellmonk_ghost_happy_afterlife,
          st_stairs_10, uniq_ijyb, uniq_jessica
D:4:      layout_layer_cave, minmay_misc_feat_tower
D:5:      layout_cave_pools, nicolae_dithmenos_the_darkroom, minmay_holes
D:6:      layout_loops_ring, kennysheep_vampire_church,
          gammafunk_temple_overflow_elements, nicolae_tso_carved_into_rock,
          grunt_ministairs_11, ebering_dispersal_statue_hall,
          minmay_alternating_orb
D:7:      layout_loops_ring, elyvilon_altar_3
D:8:      layout_basic, makhleb_altar_promises_db, serial_shops, shop,
          enter_ossuary_4, ebering_ghost_reflecting_pool

Skill      XL: |  1  2  3  4  5  6  7  8 |
---------------+-------------------------+-----
Unarmed Combat | 4 5 6 7 9 10 | 10.0
Dodging        | 6 |  6.1
Fighting       | 4 6 |  6.4

Action                   |  1- 3 |  4- 6 |  7- 9 || total
-------------------------+-------+-------+-------++-------
Melee: Unarmed           |    89 |   264 |   123 ||   476
       Bite              |    12 |    21 |    12 ||    45
       Punch             |       |     9 |     7 ||    16
Invok: Berserk           |     2 |     4 |     5 ||    11
       Trog's Hand       |       |       |     1 ||     1
Evoke: Wand              |       |       |     2 ||     2
  Use: Scroll            |       |       |    20 ||    20
       Potion            |       |       |     4 ||     4
 Stab: Sleeping          |     2 |     7 |     1 ||    10
Armor: Skin              |     4 |    12 |     5 ||    21
Dodge: Dodged            |    97 |   215 |    93 ||   405

Table legend: (Time is in decaauts)
 A = Elapsed time spent in this place.
 B = Non-inter-level travel time spent in this place.
 C = Inter-level travel time spent in this place.
 D = Time resting spent in this place.
 E = Time spent auto-exploring this place.
 F = Levels seen in this place.
 G = Mean time per level.
                   A        B        C        D        E       F      G
               +--------+--------+--------+--------+--------+-----+--------+
         Total |   6192 |   6074 |    118 |   1115 |   3969 |   8 |  774.0 |
       Dungeon |   6192 |   6074 |    118 |   1115 |   3969 |   8 |  774.0 |
               +--------+--------+--------+--------+--------+-----+--------+

Top non-repeatable levels by time:
     D:4: 1636 daAuts
     D:6: 1384 daAuts
     D:1: 900 daAuts
     D:3: 875 daAuts
     D:5: 562 daAuts
     D:2: 528 daAuts
     D:7: 166 daAuts
     D:8: 137 daAuts
